 Dungeon Crawl Stone Soup version 0.31-a0-1134-gb247575874 (webtiles) character file.

Game seed: 15753514074803432550

174 Rueben the Poker (level 5, -1/70 HPs)
             Began as a Gnoll Berserker on Dec 5, 2023.
             Was a Believer of Trog.
             Slain by a gnoll
             ... wielding a +0 spear
              (6 damage)
             ... on level 3 of the Dungeon.
             The game lasted 00:06:12 (2525 turns).

Rueben the Poker (Gnoll Berserker)                  Turns: 2525, Time: 00:06:12

Health: -1/70      AC:  4    Str: 19    XL:     5   Next: 54%
Magic:  5/7        EV: 13    Int:  6    God:    Trog [**....]
Gold:   177        SH:  0    Dex: 11    Spells: 7/7 levels left

rFire   . . .        j - +0 halberd (heavy)
rCold   . . .        (shield currently unavailable)
rNeg    . . .        b - +0 animal skin
rPois   .            (no helmet)
rElec   .            (no cloak)
rCorr   .            n - +1 pair of gloves
SInv    .            (no boots)
Will    .....        (no amulet) Stlth
                     (no ring)
HPRegen 0.31/turn    (no ring)
MPRegen 0.10/turn

%: no passive effects
@: berserking, very quick
A: fangs 1, strong nose, distributed training
a: Renounce Religion, Berserk, Trog's Hand


You were on level 3 of the Dungeon.
You worshipped Trog.
Trog was pleased with you.
You visited 1 branch of the dungeon, and saw 3 of its levels.

You collected 177 gold pieces.

Inventory:

Hand Weapons
 j - a +0 heavy halberd (weapon)
Missiles
 m - 5 curare-tipped darts
Armour
 b - a +0 animal skin (worn)
 n - a +1 pair of gloves (worn)
Jewellery
 f - an amulet of regeneration
Talismans
 g - a serpent talisman
Wands
 l - a wand of quicksilver (6)
Scrolls
 a - 2 scrolls of fog {unknown}
 c - a scroll of immolation
 e - 2 scrolls of noise
 i - a scroll of identify
 k - a scroll of revelation {unknown}
 t - 2 scrolls of teleportation
Potions
 d - a potion of might {unknown}
 h - 2 potions of ambrosia {unknown}


   Skills:
 + Level 6.7 Fighting
 + Level 1.6 Short Blades
 + Level 1.6 Long Blades
 + Level 1.6 Axes
 + Level 1.6 Maces & Flails
 + Level 6.7 Polearms
 + Level 1.6 Staves
 + Level 1.6 Ranged Weapons
 + Level 1.6 Throwing
 + Level 4.8 Armour
 + Level 4.8 Dodging
 + Level 1.6 Stealth
 + Level 1.6 Shields
 + Level 1.6 Unarmed Combat
 + Level 1.6 Spellcasting
 + Level 1.2 Conjurations
 + Level 1.2 Hexes
 + Level 1.2 Summonings
 + Level 1.2 Necromancy
 + Level 1.2 Translocations
 + Level 1.2 Transmutations
 + Level 1.2 Fire Magic
 + Level 1.2 Ice Magic
 + Level 1.2 Air Magic
 + Level 1.2 Earth Magic
 + Level 1.2 Poison Magic
 + Level 1.8 Invocations
 + Level 1.6 Evocations
 + Level 1.4 Shapeshifting


You had 7 spell levels left.
You didn't know any spells.
Your spell library was empty.

Dungeon Overview and Level Annotations

Branches:
Dungeon (3/15)

Altars:
Dithmenos


Innate Abilities, Weirdness & Mutations

You have very sharp teeth.
Your uncanny sense of smell can sniff out nearby items.
Your experience applies equally to all skills.


Message History

You are too injured to fight recklessly!
You are too injured to fight recklessly!
You are too injured to fight recklessly!
You are too injured to fight recklessly!
You are too injured to fight recklessly!
You are too injured to fight recklessly!
You are too injured to fight recklessly!
You are too injured to fight recklessly!
You are too injured to fight recklessly!
You are too injured to fight recklessly!
You are too injured to fight recklessly!
A red film seems to cover your vision as you go berserk!
You feel yourself moving faster!
You feel mighty! The phantom hits you.
* * * LOW HITPOINT WARNING * * *
The phantom blinks!
You blink.
You now have 14/61 hp.
You perforate the phantom like a sieve!!!
You destroy the phantom!
Trog accepts your kill.
You have reached level 5!
You regained 2 hp, and now have 16/70 hp.
You are too berserk!
The gnoll hits you from afar with a +0 halberd!
* * * LOW HITPOINT WARNING * * *
The gnoll hits you but does no damage. The gnoll completely misses you.
You take 11 damage, and have 5/70 hp.
You closely miss the gnoll. The gnoll hits you with a +0 club.
* * * LOW HITPOINT WARNING * * *
The gnoll misses you. The gnoll completely misses you.
You take 1 damage, and have 4/70 hp.
You slice the gnoll!!
You kill the gnoll!
Trog accepts your kill. The gnoll completely misses you. The gnoll misses you.
The dart slug bites the plant.
The plant begins to die.
You slash the gnoll!
You kill the gnoll!
Trog accepts your kill.
The gnoll hits you from afar with a +0 spear.
You die...

#.....#
#.....##
#......#####
#..............
#....P.PP..##..
#..PP...PPw#
#..P...gPPg#
#..PPP.P)..#
#..P...)@..#
#..PP..P...#
...PP..P..#
.........##
#...###### ####


You could see 2 gnolls and a dart slug.

Vanquished Creatures
  A phantom (D:3)
  5 gnolls
  2 worms (D:3)
  A dart slug (D:1)
  4 ball pythons
  9 endoplasms
  5 giant cockroaches
  2 goblins (D:1)
  5 hobgoblins (D:1)
  A quokka (D:3)
  3 bats
  A frilled lizard (D:2)
  8 kobolds
  5 rats
52 creatures vanquished.

Notes
Turn   | Place    | Note
-------+----------+-------------------------------------------
     0 | D:1      | Rueben the Gnoll Berserker began the quest for the Orb.
     0 | D:1      | Reached XP level 1. HP: 23/23 MP: 1/1
   123 | D:1      | Reached XP level 2. HP: 29/29 MP: 2/2
   401 | D:1      | Reached XP level 3. HP: 10/35 MP: 3/3
   850 | D:2      | Saving game... please wait.
  1039 | D:2      | Reached skill level 1 in Invocations
  1043 | D:2      | Reached skill level 1 in Short Blades
  1043 | D:2      | Reached skill level 1 in Long Blades
  1043 | D:2      | Reached skill level 1 in Axes
  1043 | D:2      | Reached skill level 1 in Maces & Flails
  1043 | D:2      | Reached skill level 1 in Staves
  1043 | D:2      | Reached skill level 1 in Ranged Weapons
  1043 | D:2      | Reached skill level 1 in Throwing
  1043 | D:2      | Reached skill level 1 in Stealth
  1043 | D:2      | Reached skill level 1 in Shields
  1043 | D:2      | Reached skill level 1 in Unarmed Combat
  1043 | D:2      | Reached skill level 1 in Spellcasting
  1043 | D:2      | Reached skill level 1 in Evocations
  1043 | D:2      | HP: 2/52 [gnoll/+0 heavy halberd (16)]
  1047 | D:2      | Reached skill level 1 in Shapeshifting
  1047 | D:2      | Reached XP level 4. HP: 4/41 MP: 5/5
  1291 | D:2      | Reached ** piety under Trog
  1611 | D:2      | Found a shadowy altar of Dithmenos.
  2417 | D:3      | Reached skill level 1 in Conjurations
  2417 | D:3      | Reached skill level 1 in Hexes
  2417 | D:3      | Reached skill level 1 in Summonings
  2417 | D:3      | Reached skill level 1 in Necromancy
  2417 | D:3      | Reached skill level 1 in Translocations
  2417 | D:3      | Reached skill level 1 in Transmutations
  2417 | D:3      | Reached skill level 1 in Fire Magic
  2417 | D:3      | Reached skill level 1 in Ice Magic
  2417 | D:3      | Reached skill level 1 in Air Magic
  2417 | D:3      | Reached skill level 1 in Earth Magic
  2417 | D:3      | Reached skill level 1 in Poison Magic
  2515 | D:3      | Noticed a phantom
  2521 | D:3      | Killed a phantom
  2522 | D:3      | Reached XP level 5. HP: 16/47 MP: 5/7
  2525 | D:3      | Slain by a gnoll

Illustrated notes

Levels and vault maps discovered:
D:1:      scummos_arrival_hexagon, layout_basic
D:2:      layout_basic, basic_altar, minmay_misc_feat_tower
D:3:      layout_basic, nicolae_grassy_gnolls

Skill      XL: |  1  2  3  4 |
---------------+-------------+-----
Invocations    | 1 |  1.8
Short Blades   | 1 |  1.6
Long Blades    | 1 |  1.6
Axes           | 1 |  1.6
Maces & Flails | 1 |  1.6
Staves         | 1 |  1.6
Ranged Weapons | 1 |  1.6
Throwing       | 1 |  1.6
Stealth        | 1 |  1.6
Shields        | 1 |  1.6
Unarmed Combat | 1 |  1.6
Spellcasting   | 1 |  1.6
Evocations     | 1 |  1.6
Shapeshifting  | 1 |  1.4
Conjurations   | 1 |  1.2
Hexes          | 1 |  1.2
Summonings     | 1 |  1.2
Necromancy     | 1 |  1.2
Translocations | 1 |  1.2
Transmutations | 1 |  1.2
Fire Magic     | 1 |  1.2
Ice Magic      | 1 |  1.2
Air Magic      | 1 |  1.2
Earth Magic    | 1 |  1.2
Poison Magic   | 1 |  1.2
Fighting       | |  6.7
Polearms       | |  6.7
Armour         | |  4.8
Dodging        | |  4.8

Action                     |  1- 3 |  4- 6 || total
---------------------------+-------+-------++-------
  Melee: Spear             |   100 |    55 ||   155
         Bite              |     9 |     3 ||    12
         Halberd           |       |    23 ||    23
 Invoke: Berserk           |     1 |     1 ||     2
    Use: Scroll            |     4 |       ||     4
         Potion            |     1 |       ||     1
   Stab: Sleeping          |     5 |     3 ||     8
 Armour: Animal skin       |    23 |    33 ||    56
  Dodge: Dodged            |    37 |    35 ||    72
         Form:             |     1 |       ||     1
         Anaconda          |     1 |       ||     1

Table legend: (Time is in decaauts)
 A = Elapsed time spent in this place.
 B = Non-inter-level travel time spent in this place.
 C = Inter-level travel time spent in this place.
 D = Time resting spent in this place.
 E = Time spent auto-exploring this place.
 F = Levels seen in this place.
 G = Mean time per level.
                   A        B        C        D        E       F      G
               +--------+--------+--------+--------+--------+-----+--------+
         Total |   2513 |   2391 |    122 |    217 |   1843 |   3 |  837.7 |
       Dungeon |   2513 |   2391 |    122 |    217 |   1843 |   3 |  837.7 |
               +--------+--------+--------+--------+--------+-----+--------+

Top non-repeatable levels by time:
     D:2: 1347 daAuts
     D:1: 820 daAuts
     D:3: 345 daAuts
